 Seeded DCSS version 0.28-a0-706-gf6f64a616a (webtiles) character file.

Game seed: 20211025 (custom seed)

647 a11behringer the Slasher (level 7, -10/61 HPs)
             Began as a Minotaur Fighter on Oct 25, 2021.
             Was a Believer of Qazlal.
             Mangled by a two-headed ogre (21 damage)
             ... on level 5 of the Dungeon.
             The game lasted 00:15:36 (4411 turns).

a11behringer the Slasher (Minotaur Fighter)         Turns: 4411, Time: 00:15:36

Health: -10/61     AC:  8    Str: 21    XL:     7   Next: 27%
Magic:  6/6        EV: 10    Int:  5    God:    Qazlal [**....]
Gold:   144        SH:  7    Dex: 11    Spells: 6/6 levels left

rFire   + . .      SeeInvis .   a - +0 long sword
rCold   + . .      Faith    .   c - +0 buckler
rNeg    . . .      Spirit   .   b - +1 scale mail
rPois   .          Reflect  .   j - +0 hat
rElec   .          Harm     .   (no cloak)
rCorr   .          Rampage  .   (no gloves)
Will    .....                   (no boots)
Stlth   ..........              (no amulet)
HPRegen 0.20/turn               i - ring of protection from cold
MPRegen 0.10/turn               k - ring of protection from fire

@: studying Fighting
A: horns 2, retaliatory headbutt
a: Renounce Religion, Upheaval


You were on level 5 of the Dungeon.
You worshipped Qazlal.
Qazlal was pleased with you.
You visited 1 branch of the dungeon, and saw 5 of its levels.

You collected 166 gold pieces.
You spent 22 gold pieces at shops.

Inventory:

Hand Weapons
 a - a +0 long sword (weapon)
 o - a +1 short sword of venom
Missiles
 l - 18 sling bullets
 q - 2 throwing nets (quivered)
Armour
 b - a +1 scale mail (worn)
 c - a +0 buckler (worn)
 j - a +0 hat (worn)
Jewellery
 i - a ring of protection from cold (left hand)
 k - a ring of protection from fire (right hand)
Wands
 h - a wand of flame (15)
Scrolls
 f - a scroll of identify
 n - a scroll of blinking {unknown}
Potions
 d - a potion of might
 e - a potion of attraction
 g - a potion of brilliance
 m - a potion of flight
 p - a potion of curing


   Skills:
 * Level 5.3 Fighting
 * Level 7.3 Long Blades
 + Level 5.8 Armour
 + Level 2.0 Dodging
 - Level 4.0 Shields


You had 6 spell levels left.
You didn't know any spells.
Your spell library contained the following spells:

 Spells                   Type           Power      Damage    Failure   Level
 Animate Skeleton         Necr           0%         N/A       80%         1
 Pain                     Necr           0%         1d4       80%         1
 Vampiric Draining        Necr           0%         2d6       99%         3


Dungeon Overview and Level Annotations

Branches:
Dungeon (5/15)
 Temple: D:4-7

Altars:
Qazlal
Yredelemnul

Shops:
D:1 =?([


Innate Abilities, Weirdness & Mutations

You have a pair of horns on your head.
You reflexively headbutt those who attack you in melee.


Message History

You see here a +0 club.
You see here a +0 mace.
Found a robe.
Found a dagger.
Found 14 arrows.
You see here 14 arrows.
You now have 144 gold pieces (gained 12).
Done exploring.
Done exploring.
There is a stone staircase leading down here.
You climb downwards.
Found a stone staircase leading down.
There is a stone staircase leading up here.
A two-headed ogre comes into view. It is wielding two +0 giant clubs.
Aiming: Upheaval
Press: ? - help, Dir - move target, f - two-headed ogre
Aim: a two-headed ogre, wielding two +0 giant clubs You fail to use your ability.
You closely miss the two-headed ogre. The two-headed ogre barely misses you.
You block the two-headed ogre's attack.
You slash the two-headed ogre! You headbutt the two-headed ogre.
The two-headed ogre is moderately wounded.
You barely miss the two-headed ogre. You headbutt the two-headed ogre!
The two-headed ogre is heavily wounded.
The two-headed ogre misses you. You furiously retaliate!
You headbutt the two-headed ogre.
The two-headed ogre hits you with a +0 giant club!
You hit the two-headed ogre.
The two-headed ogre is heavily wounded.
The two-headed ogre hits you with a +0 giant club.
The two-headed ogre hits you with a +0 giant club!
You slash the two-headed ogre!
The two-headed ogre is severely wounded.
The two-headed ogre hits you with a +0 giant club.
The two-headed ogre hits you with a +0 giant club!
* * * LOW HITPOINT WARNING * * *
You slash the two-headed ogre! You headbutt the two-headed ogre!
The two-headed ogre is almost dead.
The two-headed ogre hits you with a +0 giant club!!
You die...

...#.######
..>...O@.<#
.......####
#..###. .
#. #. #. #.
..


You could see a two-headed ogre.

Vanquished Creatures
  Grinder (D:3)
  A sky beast (D:3)
  A black bear (D:4)
  A hound (D:4)
  An iguana (D:4)
  A gnoll shaman (D:4)
  2 orc wizards (D:4)
  4 gnolls (D:4)
  3 adders (D:2)
  A worm (D:2)
  A dart slug (D:2)
  3 orcs
  8 bats
  4 endoplasms
  3 giant cockroaches
  9 goblins
  5 hobgoblins
  3 jackals (D:2)
  7 kobolds
  3 quokkas
  6 ball pythons
  2 frilled lizards
  5 rats
75 creatures vanquished.

Vanquished Creatures (others)
  6 demonic plants (D:2)
  4 fungi (D:2)
  4 plants (D:2)
  2 withered plants (D:2)
16 creatures vanquished.

Grand Total: 91 creatures vanquished

Notes
Turn   | Place    | Note
-------+----------+-------------------------------------------
     0 | D:1      | a11behringer the Minotaur Fighter began the quest for the
                  | Orb.
     0 | D:1      | Reached XP level 1. HP: 19/19 MP: 0/0
    36 | D:1      | Found Fotta's Weapon Boutique.
   146 | D:1      | Found Paowkaj's Jewellery Emporium.
   270 | D:1      | Found Qumot's Magic Scroll Emporium.
   280 | D:1      | Bought a scroll of identify for 22 gold pieces
   337 | D:1      | Reached XP level 2. HP: 24/27 MP: 1/1
   624 | D:1      | Found Wiywomu's Antique Armour Shoppe.
   922 | D:2      | Found a faded altar of an unknown god.
   931 | D:2      | Prayed at the altar of an unknown god.
   931 | D:2      | Became a worshipper of Qazlal Stormbringer
   931 | D:2      | Reached * piety under Qazlal
   961 | D:2      | Reached skill level 3 in Long Blades
   961 | D:2      | Reached XP level 3. HP: 33/33 MP: 2/2
  1556 | D:2      | Reached XP level 4. HP: 40/40 MP: 3/3
  1747 | D:3      | Noticed a sky beast
  1759 | D:3      | Killed a sky beast
  1760 | D:3      | Reached skill level 4 in Long Blades
  1760 | D:3      | Reached skill level 1 in Dodging
  1760 | D:3      | Reached XP level 5. HP: 29/47 MP: 4/4
  1904 | D:3      | Reached ** piety under Qazlal
  2010 | D:3      | Noticed Grinder
  2039 | D:3      | Paralysed by Grinder for 3 turns
  2044 | D:3      | HP: 2/70 [Grinder (3)]
  2048 | D:3      | Killed Grinder
  2049 | D:3      | Reached skill level 6 in Long Blades
  2049 | D:3      | Reached skill level 5 in Armour
  2049 | D:3      | Reached XP level 6. HP: 3/53 MP: 5/5
  3056 | D:4      | Identified a scroll of acquirement
  3056 | D:4      | Acquired a manual of Fighting
  3461 | D:4      | HP: 1/55 [black bear (3)]
  3463 | D:4      | Reached skill level 5 in Fighting
  3463 | D:4      | Reached skill level 7 in Long Blades
  3463 | D:4      | Reached XP level 7. HP: 2/61 MP: 6/6
  3899 | D:4      | Found a basalt altar of Yredelemnul.
  4402 | D:5      | Entered Level 5 of the Dungeon
  4403 | D:5      | Noticed a two-headed ogre
  4411 | D:5      | Mangled by a two-headed ogre

Illustrated notes

Levels and vault maps discovered:
D:1:      wander_arrival_peaceful_grave, layout_basic, serial_shops,
          nicolae_lakefront_shop, nicolae_shop_waterfront, shop,
          nicolae_square_shop
D:2:      layout_basic, shapermc_ecumenical_altar_gd
D:3:      layout_basic, uniq_grinder
D:4:      layout_cave_pods, mainiacjoe_overflow_24_doors,
          small_statue_intersection
D:5:      layout_basic, minmay_temple_entry_tees

Skill      XL: |  1  2  3  4  5  6 |
---------------+-------------------+-----
Armour         | 4 5 |  5.8
Fighting       | 4 5 |  5.3
Long Blades    | 3 4 6 7 |  7.3
Shields        | 4 |  4.0
Dodging        | 1 2 |  2.0

Action                   |  1- 3 |  4- 6 |  7- 9 || total
-------------------------+-------+-------+-------++-------
Melee: Long sword        |    96 |    72 |    29 ||   197
       Headbutt          |    17 |    16 |     8 ||    41
Invok: Upheaval          |       |       |     1 ||     1
  Use: Potion            |     2 |     3 |       ||     5
       Scroll            |     2 |     8 |       ||    10
Armor: Scale mail        |    56 |    33 |     3 ||    92
Dodge: Dodged            |    39 |    27 |     9 ||    75
Block: Buckler           |    36 |    20 |     8 ||    64

Table legend: (Time is in decaauts)
 A = Elapsed time spent in this place.
 B = Non-inter-level travel time spent in this place.
 C = Inter-level travel time spent in this place.
 D = Time resting spent in this place.
 E = Time spent auto-exploring this place.
 F = Levels seen in this place.
 G = Mean time per level.
                   A        B        C        D        E       F      G
               +--------+--------+--------+--------+--------+-----+--------+
         Total |   4440 |   3774 |    666 |      0 |   3237 |   5 |  888.0 |
       Dungeon |   4440 |   3774 |    666 |      0 |   3237 |   5 |  888.0 |
               +--------+--------+--------+--------+--------+-----+--------+

Top non-repeatable levels by time:
     D:4: 1380 daAuts
     D:3: 1306 daAuts
     D:2: 919 daAuts
     D:1: 826 daAuts
     D:5: 9 daAuts
